 Dungeon Crawl Stone Soup version 0.30.1-11-g7821555f0a (webtiles) character file.

Game seed: 17745727349891756489

195 SacredBeard the Chopper (level 5, -2/47 HPs)
             Began as a Hill Orc Fighter on Nov 10, 2023.
             Succumbed to an orc's poison
             ... on level 3 of the Dungeon.
             The game lasted 00:03:40 (1622 turns).

SacredBeard the Chopper (Hill Orc Fighter)          Turns: 1622, Time: 00:03:41

Health: -2/47      AC: 12    Str: 21    XL:     5   Next: 74%
Magic:  2/5        EV:  8    Int:  8    God:
Gold:   107        SH:  4    Dex: 10    Spells: 4/4 levels left

rFire   . . .        a - +0 war axe
rCold   . . .        c - +0 buckler
rNeg    . . .        v - +0 chain mail
rPois   .            (no helmet)
rElec   .            (no cloak)
rCorr   .            (no gloves)
SInv    .            u - +2 pair of boots
Will    .....        b - amulet of guardian spirit Stlth
                     (no ring)
HPRegen 0.27/turn    (no ring)
MPRegen 0.09/turn

%: guardian spirit
@: mighty, lethally poisoned (-2 -> -16)
A: no striking features
a: no special abilities


You were on level 3 of the Dungeon.
You visited 1 branch of the dungeon, and saw 3 of its levels.

You collected 107 gold pieces.

Inventory:

Hand Weapons
 a - a +0 war axe (weapon)
Missiles
 e - 5 poisoned darts (quivered)
 g - 24 stones
 j - 5 atropa-tipped darts
 m - 5 javelins
Armour
 c - a +0 buckler (worn)
 u - a +2 pair of boots (worn)
 v - a +0 chain mail (worn)
Jewellery
 b - an amulet of guardian spirit (around neck)
Scrolls
 h - a scroll of noise {unknown}
 i - a scroll of silence {unknown}
 k - a scroll of identify {unknown}
 l - a scroll of enchant weapon {unknown}
 n - a scroll of vulnerability {unknown}
 q - a scroll of teleportation {unknown}
 r - 2 scrolls of amnesia {unknown}
 t - a scroll of fog {unknown}
Potions
 f - 2 potions of brilliance {unknown}
 o - 3 potions of mutation {unknown}
 p - a potion of curing {unknown}
 s - a potion of attraction {unknown}


   Skills:
 + Level 4.3 Fighting
 * Level 4.9 Axes
 + Level 1.6 Throwing
 - Level 4.0 Armour
 - Level 1.0 Dodging
 - Level 4.0 Shields


You had 4 spell levels left.
You didn't know any spells.
Your spell library contained the following spells:

 Spells                   Type           Power      Damage    Failure   Level
 Sandblast                Erth           0%         2d4       98%         1
 Passwall                 Tmut/Erth      0%         N/A       99%         2
 Stone Arrow              Conj/Erth      0%         3d7       100%        3


Dungeon Overview and Level Annotations

Branches:
Dungeon (3/15) Zot: 16321

Altars:


Message History

You barely miss something.
You feel sick.
You are no longer poisoned.
The adder bites you but does no damage. You block the orc's attack.
You hear some strange, mumbled words.
Something tries to affect you, but you resist.
The adder bites you but does no damage. Something hits you but does no damage.
The orc barely misses you.
You feel very mighty all of a sudden. The adder bites you but does no damage.
You block something's attack. The orc closely misses you.
You slash something!
Reactivating autopickup.
You feel a bit more experienced.
You barely miss the adder. The adder bites you.
You are poisoned.
The adder poisons you!
The orc hits you from afar with a +1 trident of venom.
* * * LOW HITPOINT WARNING * * *
You are lethally poisoned!
The adder bites you but does no damage.
Training target 4.0 for Shields reached!
Your Shields skill increases to level 4!
* * * LOW HITPOINT WARNING * * *
You feel very sick. The adder bites you but does no damage.
The orc hits you but does no damage.
You are more poisoned.
You hit the orc.
The orc is severely wounded.
You completely miss the adder.
* * * LOW HITPOINT WARNING * * *
You feel very sick. You block the adder's attack.
The orc hits you with a +1 trident of venom.
* * * LOW HITPOINT WARNING * * *
The adder bites you but does no damage.
Unknown command.
You slice the orc!!
You kill the orc!
You closely miss the adder.
You die...

#####... #........ .......
#........ #..#..#
#........ #.....#
#........ ####...o?
#.....)..
#......)##########........
#.##.#........#........
#....).................
######@S..............#
+)..........)..†.#
#................#
#.........#)#....#
#........##.#....#
########.#.##....#
#.##.##...# #..##.#...#
#.##_##...#


You could see an adder.

Vanquished Creatures
  A black bear (D:3)
  An orc wizard (D:3)
  2 adders
  A worm (D:2)
  3 orcs (D:3)
  4 ball pythons
  6 endoplasms
  A giant cockroach (D:2)
  8 goblins
  4 hobgoblins
  4 jackals (D:2)
  6 kobolds
  2 quokkas (D:1)
  4 bats
  2 frilled lizards (D:1)
  4 rats
53 creatures vanquished.

Notes
Turn   | Place    | Note
-------+----------+-------------------------------------------
     0 | D:1      | SacredBeard the Hill Orc Fighter began the quest for the
                  | Orb.
     0 | D:1      | Reached XP level 1. HP: 19/19 MP: 1/1
    72 | D:1      | Reached XP level 2. HP: 20/27 MP: 2/2
   604 | D:1      | Reached XP level 3. HP: 33/33 MP: 3/3
  1210 | D:2      | Reached XP level 4. HP: 40/40 MP: 4/4
  1464 | D:3      | Found a faded altar of an unknown god.
  1477 | D:3      | Reached skill level 1 in Throwing
  1477 | D:3      | Noticed a black bear
  1485 | D:3      | Killed a black bear
  1486 | D:3      | Reached skill level 1 in Dodging
  1486 | D:3      | Reached XP level 5. HP: 31/46 MP: 2/5
  1621 | D:3      | HP: 2/47 [orc/+1 trident of venom (3)]
  1622 | D:3      | Succumbed to an orc's poison

Illustrated notes

Levels and vault maps discovered:
D:1:      lemuel_arrival_lava_pool, layout_loops_cross
D:2:      wad_river_or_something, layout_rooms
D:3:      layout_basic, nicolae_uskayaw_dance_hall,
          chequers_ecumenical_altar_twisty, hangedman_decor_slide_cut

Skill      XL: |  1  2  3  4  5 |
---------------+----------------+-----
Axes           | 3 4 |  4.9
Fighting       | 4 |  4.3
Throwing       | 1 |  1.6
Armour         | 4 |  4.0
Dodging        | 1 |  1.0
Shields        | 4 |  4.0

Action                     |  1- 3 |  4- 6 || total
---------------------------+-------+-------++-------
  Melee: War axe           |   111 |    51 ||   162
    Use: Potion            |       |     2 ||     2
 Armour: Scale mail        |    58 |     1 ||    59
         Chain mail        |       |    56 ||    56
  Dodge: Dodged            |    49 |    38 ||    87
  Block: Buckler           |    23 |    15 ||    38
